 Dungeon Crawl Stone Soup version 0.32-a0-995-gb4a59205af (webtiles) character file.

Game seed: 18378847709700544952

109144 jamsaran the Toxicologist (level 15, -25/124 HPs)
             Began as a Demigod Alchemist on Apr 23, 2024.
             Annihilated by an enormous slime creature (75 damage)
             ... on level 15 of the Dungeon.
             The game lasted 01:20:51 (32693 turns).

jamsaran the Toxicologist (Demigod Alchemist)      Turns: 32693, Time: 01:20:51

Health: -25/124    AC: 19    Str: 21    XL:     15   Next: 56%
Magic:  40/46      EV: 32    Int: 41    God:
Gold:   2904       SH:  0    Dex: 23    Spells: 10/26 levels left

rFire   . . .        m - +10 trident "Naipaorgh" {flame, rC+ Str+2 Int+5 Dex+3}
rCold   + + .        (no shield)
rNeg    + . .        M - +0 ring mail of Insatiable Hunger {Rampage +Blink Str+2 Int+3}
rPois   +            j - +2 helmet
rElec   +            b - +2 cloak {Stlth+}
rCorr   .            a - +3 pair of gloves of the Eternal Void {rPois Slay+3}
SInv    +            Q - +2 pair of boots {Stlth+}
Will    +....        T - amulet of the acrobat
Stlth   +++++        Z - ring of Midnight {^Drain rN+ MP+9 Str+4 Dex+6}
HPRegen 0.40/turn    W - ring of Nesuy {rElec rC+ MP+9 SInv}
MPRegen 0.30/turn

%: acrobat, rampage
@: acrobatic, studying Ice Magic
A: high MP 1, forlorn, divine attributes, deformed body
a: Evoke Blink


You were on level 15 of the Dungeon.
You visited 3 branches of the dungeon, and saw 21 of its levels.
You also visited: Ossuary, Bailey, Gauntlet and Volcano.

You collected 3181 gold pieces.
You spent 277 gold pieces at shops.

Inventory:

Hand Weapons
 i - a +2 flail of holy wrath
 m - the +10 trident "Naipaorgh" (weapon) {flame, rC+ Str+2 Int+5 Dex+3}
   (You found it in a Gauntlet)

   Str+2:     It affects your strength (+2).
   Int+5:     It affects your intelligence (+5).
   Dex+3:     It affects your dexterity (+3).
   rC+:       It protects you from cold.
Armour
 a - the +3 pair of gloves of the Eternal Void (worn) {rPois Slay+3}
   (You acquired it on level 8 of the Dungeon)

   Slay+3:    It affects your accuracy & damage with ranged weapons and melee
   (+3).
   rPois:     It protects you from poison.
 b - a +2 cloak of stealth (worn)
 e - a +0 buckler
 j - a +2 helmet (worn)
 y - a +3 scale mail of fire resistance
 M - the +0 ring mail of Insatiable Hunger (worn) {Rampage +Blink Str+2 Int+3}
   (You found it on level 4 of the Lair of Beasts)

   Str+2:     It affects your strength (+2).
   Int+3:     It affects your intelligence (+3).
   +Blink:    It lets you blink.
   Rampage:   It bestows one free step when moving towards enemies.
 O - +0 acid dragon scales
 Q - a +2 pair of boots of stealth (worn)
 V - a +3 leather armour of cold resistance
Jewellery
 c - a +6 ring of strength
 o - an amulet of reflection
 L - a ring of fire
 S - a +5 ring of evasion
 T - an amulet of the acrobat (around neck)
 W - the ring of Nesuy (right hand) {rElec rC+ MP+9 SInv}
   (You bought it in a shop on level 1 of the Orcish Mines)

   [ring of magical power]

   rC+:       It protects you from cold.
   rElec:     It insulates you from electricity.
   MP+9:      It affects your magic capacity (+9).
   SInv:      It lets you see invisible.
 Z - the ring of Midnight (left hand) {^Drain rN+ MP+9 Str+4 Dex+6}
   (You found it on level 12 of the Dungeon)

   [ring of dexterity]

   Str+4:     It affects your strength (+4).
   Dex+6:     It affects your dexterity (+6).
   rN+:       It protects you from negative energy.
   MP+9:      It affects your magic capacity (+9).
   ^Drain:    It drains your maximum health when unequipped.
Wands
 h - a wand of roots (12)
 D - a wand of flame (6)
 J - a wand of polymorph (9)
 Y - a wand of charming (5)
Scrolls
 g - 2 scrolls of amnesia
 n - a scroll of identify
 p - 3 scrolls of immolation
 r - 3 scrolls of vulnerability
 s - 2 scrolls of revelation
 t - 2 scrolls of silence
 u - 3 scrolls of fear
 x - a scroll of enchant armour
 B - a scroll of summoning {unknown}
 E - a scroll of poison {unknown}
 F - 7 scrolls of fog
 N - 10 scrolls of teleportation
 R - a scroll of torment {unknown}
 U - a scroll of enchant weapon {unknown}
 X - a scroll of blinking {unknown}
Potions
 d - 15 potions of curing
 k - 3 potions of brilliance
 l - 3 potions of haste
 q - 3 potions of magic
 v - 2 potions of resistance {unknown}
 w - 3 potions of invisibility
 z - 2 potions of heal wounds
 A - 4 potions of berserk rage
 C - a potion of enlightenment {unknown}
 G - a potion of cancellation {unknown}
 H - 2 potions of mutation
Miscellaneous
 f - a phial of floods
 K - a sack of spiders


   Skills:
 - Level 9.0 Fighting
 - Level 3.0 Maces & Flails
 - Level 3.0 Polearms
 - Level 9.0 Armour
 - Level 9.0 Dodging
 - Level 6.0 Stealth
 - Level 6.0 Spellcasting
 - Level 3.0 Conjurations
 - Level 9.0 Hexes
 - Level 8.0 Fire Magic
 - Level 3.0 Air Magic
 + Level 13.9 Alchemy
 - Level 9.0 Evocations


You had 10 spell levels left.
You knew the following spells:

 Your Spells              Type           Power      Damage    Failure   Level
b - Sticky Flame          Fire/Alch      80%        2d12      1%          4
m - Mephitic Cloud        Conj/Alch/Air  61%        N/A       1%          3
o - Olgreb's Toxic Radia  Alch           90%        N/A       1%          4
y - Yara's Violent Unrav  Hex/Alch       41%        3d16      1%          5

Your spell library contained the following spells:

 Spells                   Type           Power      Damage    Failure   Level
 Sting                    Conj/Alch      100%       1d9       1%          1
 Jinxbite                 Hex            100%       N/A       1%          2
 Mercury Vapours          Alch/Air       100%       N/A       1%          2
 Scorch                   Fire           100%       2d9       1%          2
 Necrotise                Necr           48%        1d6       3%          1
 Flame Wave               Conj/Fire      55%        2d13      3%          4
 Sublimation of Blood     Necr           12%        N/A       5%          2
 Hailstorm                Conj/Ice       24%        3d7       6%          3
 Summon Ice Beast         Ice/Summ       12%        N/A       11%         3
 Vampiric Draining        Necr           12%        2d6       11%         3
 Sculpt Simulacrum        Ice/Alch       31%        N/A       32%         6
 Martyr's Knell           Necr/Summ      12%        N/A       36%         4
 Enfeeble                 Hex            36%        N/A       61%         7
 Curse of Agony           Necr           12%        N/A       71%         5
 Permafrost Eruption      Ice/Erth       6%         2x4d2     99%         6
 Summon Cactus Giant      Summ           6%         N/A       99%         6
 Rimeblight               Ice/Necr       6%         2d4       (prima100%   7


Dungeon Overview and Level Annotations

Branches:
Dungeon (15/15)              Lair (5/5) D:9           Swamp (0/4) Lair:3
  Snake (0/4) Lair:2        Slime (0/5) Lair:4          Orc (2/2) D:11
    Elf (0/3) Orc:2        Vaults (0/5) D:14         Depths (0/4) D:15
Ossuary (visited)          Bailey (visited)         Volcano (visited)
Gauntlet (visited)
 Temple: D:4-7

Shops:
D:2 ?   D:7 *   Orc:1 (*[*[   Orc:2 (=?*(

Portals:
Pandemonium: Orc:2

Annotations:
D:10 trashops's ghost, journeyman MDFi
D:13 Azrael


Innate Abilities, Weirdness & Mutations

You have an increased reservoir of magic. (+10% MP)
You shall have no god before yourself.
Your divine heritage dramatically boosts your attributes as you level up.
Armour fits poorly on your strangely shaped body.


Message History

The slime creature is heavily wounded.
The slime creature burns!
The slime creature closely misses you.
Unknown command.
You puncture the slime creature! You burn the slime creature.
The slime creature is almost dead.
The slime creature burns!
You kill the slime creature!
The slime creature hits you.
The slime creature attacks as it pursues you!
The slime creature completely misses you.
The slime creature attacks as it pursues you!
The slime creature hits you but does no damage.
There is an open door here.
Two slime creatures merge to form a large slime creature. x2
Casting: Sticky Flame (safe; 1% risk of failure)
Confirm with . or Enter, or press ? or * to list all spells.
Aiming: Sticky Flame (safe; 1% risk of failure)
Press: ? - help, Shift-Dir - straight line, f - large slime creature
Aim: a large slime creature (lightly wounded)
The sticky flame hits the large slime creature!
The large slime creature is lightly wounded.
The large slime creature burns!
Unknown command.
You hit the large slime creature. You burn the large slime creature.
The large slime creature is moderately wounded.
The large slime creature burns!
A large slime creature splits.
You puncture the large slime creature! You burn the large slime creature.
The large slime creature is heavily wounded.
The large slime creature burns!
The large slime creature hits you!!
Two slime creatures merge to form a very large slime creature.
Two slime creatures merge to form an enormous slime creature.
Unknown command.
The enormous slime creature burns!
The enormous slime creature shakes off the sticky flame as it moves.
The enormous slime creature attacks as it pursues you!
The enormous slime creature hits you!!!
The enormous slime creature attacks as it pursues you!
The enormous slime creature hits you!!!!
Ouch! That really hurt!
You die...

#.......'.........'...........
###...####.........####....####
#......# ##.......## ##.#.#*
#.#.##.# ##.....##*** ##...*
#.#.##.# ##...##,,,***....#
#...##.# ##'##,,*..*..#..#
#.####.# #.#*,*##...###.#
#.####.# ### #J#*,.#..#..#..#
#......#*#.###@###...###...##
#.#######.#.#...#...## **,,*
#.######.###.........#**,,,**
#.........#.#......#..*,,*,,*
##########.###.##.###.,,***,*
### #.#*..#..,,,*,,*
#.###...#**,,,** #...?.###
***** #.#####


You could see an enormous slime creature.

Vanquished Creatures
  A storm dragon (D:14)
  A minotaur (Gauntlet)
  A red draconian (Volcano)
  The ghost of Dwarfmetheus the Bludgeoner, a journeyman MDMo of Gozag (D:12)
  An ettin (Orc:2)
  3 hydras
  An ice dragon (Lair:4)
  2 ogre magi
  5 centaur warriors
  A yaktaur captain (D:15)
  3 boulder beetles
  A catoblepas (Gauntlet)
  A demonspawn (Orc:2)
  Erica (D:10)
  2 tengu warriors (D:12)
  9 two-headed ogres
  9 death yaks
  A deep troll earth mage (D:15)
  7 orc high priests
  Nergalle (D:10)
  13 spriggans (Lair:5)
  2 skysharks (Lair:4)
  An arcanist (D:15)
  An obsidian bat (Orc:1)
  A shining eye (Gauntlet)
  24 ugly things
  7 orc knights
  2 deep elf pyromancers (D:15)
  7 orc sorcerers
  A salamander (Lair:2)
  2 oklob plants (Lair:2)
  4 manticores
  4 cyclopes
  9 elephants
  3 meliai (D:13)
  4 black mambas
  2 rust devils (Orc:2)
  Joseph (D:10)
  An ice statue (Gauntlet)
  A kobold blastminer (Orc:1)
  Maggie (D:10)
  10 cane toads
  3 gargoyles
  4 rime drakes
  2 unseen horrors
  7 komodo dragons
  An efreet (D:15)
  4 kobold demonologists
  An ice devil (Orc:2)
  6 polar bears
  A tengu conjurer (D:15)
  8 trolls
  A queen bee (Gauntlet)
  5 hornets
  17 blink frogs
  2 dream sheep (Lair:5)
  A glass eye (Gauntlet)
  7 slime creatures
  4 wraiths
  A shadow (D:11)
  26 yaks
  A ynoxinul (Orc:2)
  2 vampires
  3 steam dragons
  3 wyverns
  4 basilisks
  2 wargs (Orc:2)
  8 vampire mosquitoes
  3 acid dragons
  2 swamp worms (Lair:3)
  3 hell hounds
  10 water moccasins
  6 ice beasts
  5 black bears
  38 orc warriors
  4 sky beasts
  13 boggarts
  23 wolves
  4 ogres
  9 centaurs
  12 kobold brigands
  14 bullfrogs
  5 wights
  A burial acolyte (Ossuary)
  6 killer bees (Gauntlet)
  3 bombardier beetles
  2 electric eels (Bailey)
  2 lava snakes (Lair:2)
  23 orc priests
  An iguana (D:7)
  Natasha (twice) (D:2)
  26 orc wizards
  A mummy (Ossuary)
  2 hound zombies (D:4)
  2 hound skeletons (D:4)
  20 gnolls
  9 adders
  2 shadow imps
  8 white imps
  An adder zombie (D:4)
  4 adder skeletons (D:4)
  5 dart slugs
  82 orcs
  12 endoplasms
  2 giant cockroaches
  17 goblins
  8 hobgoblins
  5 jackals
  23 kobolds
  7 quokkas
  11 ball pythons
  7 bats
  5 frilled lizards
  5 gnoll skeletons (Ossuary)
  9 kobold skeletons (Ossuary)
  6 orc skeletons (Ossuary)
  8 rats
  A butterfly (D:8)
756 creatures vanquished.

Notes
Turn   | Place    | Note
-------+----------+-------------------------------------------
     0 | D:1      | jamsaran the Demigod Alchemist began the quest for the Orb.
     0 | D:1      | Reached XP level 1. HP: 14/14 MP: 5/5
   105 | D:1      | Reached skill level 1 in Conjurations
   295 | D:1      | Reached XP level 2. HP: 11/20 MP: 0/7
   461 | D:1      | Reached skill level 3 in Alchemy
  1027 | D:1      | Reached XP level 3. HP: 26/26 MP: 5/8
  1492 | D:2      | Reached skill level 4 in Alchemy
  2270 | D:2      | Noticed Natasha
  2278 | D:2      | Reached XP level 4. HP: 33/33 MP: 6/9
  2282 | D:2      | Killed Natasha
  2313 | D:1      | Reached skill level 5 in Alchemy
  2396 | D:1      | Learned a level 4 spell: Olgreb's Toxic Radiance
  2482 | D:2      | Noticed Natasha
  2488 | D:2      | Killed Natasha
  2489 | D:2      | Reached XP level 5. HP: 37/38 MP: 4/10
  2619 | D:2      | Found The Oracle's Delphic Readings.
  2623 | D:2      | Bought a scroll of teleportation for 39 gold pieces
  2963 | D:3      | Noticed a fire elemental
  2968 | D:3      | Noticed an air elemental
  3290 | D:3      | Noticed a water elemental
  3482 | D:3      | Reached skill level 6 in Alchemy
  3839 | D:4      | Found a sand-covered staircase.
  3872 | D:4      | Reached skill level 1 in Fire Magic
  3900 | D:4      | Reached XP level 6. HP: 44/45 MP: 11/11
  3905 | D:4      | Learned a level 4 spell: Sticky Flame
  3994 | Ossuary  | Entered an ossuary
  5135 | D:4      | Reached XP level 7. HP: 50/50 MP: 10/13
  5342 | D:4      | Reached skill level 1 in Armour
  5797 | D:5      | Entered Level 5 of the Dungeon
  6381 | D:5      | You fall into a shaft and drop 2 floors!
  6392 | D:7      | Noticed a wyvern
  6397 | D:7      | Killed a wyvern
  6398 | D:7      | Reached skill level 7 in Alchemy
  6697 | D:7      | Noticed a steam dragon
  6855 | D:7      | Reached XP level 8. HP: 57/57 MP: 3/14
  6991 | D:7      | Found Zin's Purification Station.
  7041 | D:7      | Reached skill level 5 in Fire Magic
  7307 | D:7      | Identified the +4 quarterstaff of Awkwardness {heavy,
                  | ^Drain rElec rF+++ Dex-4}
  7653 | D:8      | Reached skill level 8 in Alchemy
  7845 | D:8      | Reached skill level 9 in Alchemy
  7845 | D:8      | Reached XP level 9. HP: 63/63 MP: 3/15
  7846 | D:8      | Reached skill level 1 in Fighting
  8352 | D:8      | Reached skill level 5 in Fighting
  8445 | D:8      | Identified a scroll of acquirement
  8448 | D:8      | Acquired the +3 pair of gloves of the Eternal Void {rPois
                  | Slay+3}
  8597 | D:9      | Noticed a rime drake
  8652 | D:9      | Found a flagged portal.
  8667 | Bailey   | Entered a bailey
  9051 | Bailey   | Reached skill level 1 in Polearms
  9171 | Bailey   | Acquired an amulet of reflection
  9180 | Bailey   | Noticed a kobold demonologist
  9186 | Bailey   | Killed a kobold demonologist
  9207 | Bailey   | Reached XP level 10. HP: 67/83 MP: 2/16
  9340 | Bailey   | Noticed an orc high priest
  9346 | Bailey   | Killed an orc high priest
  9677 | Bailey   | Noticed an orc knight
  9692 | Bailey   | Killed an orc knight
  9947 | Bailey   | Reached skill level 5 in Spellcasting
  9947 | Bailey   | Reached XP level 11. HP: 89/89 MP: 17/22
 10458 | D:9      | Found a staircase to the Lair.
 11181 | D:9      | Learned a level 3 spell: Mephitic Cloud
 11231 | D:10     | Entered Level 10 of the Dungeon
 11237 | D:10     | Reached skill level 1 in Air Magic
 11281 | D:10     | Noticed Nergalle
 11287 | D:10     | Noticed Maggie
 11292 | D:10     | Killed Nergalle
 11293 | D:10     | Killed Maggie
 11412 | D:10     | Noticed Erica
 11438 | D:10     | Killed Erica
 11769 | D:10     | Noticed Joseph
 11782 | D:10     | Killed Joseph
 12313 | D:10     | Found a runed translucent door.
 12332 | D:10     | Noticed trashops's ghost (journeyman MDFi)
 13204 | D:11     | Reached XP level 12. HP: 93/96 MP: 23/23
 13675 | D:11     | Found a staircase to the Orcish Mines.
 13688 | Orc:1    | Entered Level 1 of the Orcish Mines
 13692 | Orc:1    | Reached skill level 5 in Armour
 13871 | Orc:1    | Found a transporter.
 13873 | Orc:1    | Found Raheynig's Assorted Antiques.
 13898 | Orc:1    | Found a transporter.
 14009 | Orc:1    | Found Lifirav's Weapon Emporium.
 14065 | Orc:1    | Bought a heavily runed lead ring for 150 gold pieces
 14065 | Orc:1    | Identified the ring of Nesuy {rElec rC+ MP+9 SInv} (You
                  | bought it in a shop on level 1 of the Orcish Mines)
 14119 | Orc:2    | Entered Level 2 of the Orcish Mines
 14236 | Orc:2    | Found a dark tunnel.
 14258 | Volcano  | Entered a volcano
 14277 | Volcano  | Noticed an ogre mage
 14288 | Volcano  | Killed an ogre mage
 14443 | Volcano  | Noticed a red draconian
 14471 | Volcano  | Killed a red draconian
 14848 | Volcano  | Identified the dragon-blood talisman "Mulat" {+Blink rElec
                  | Dex-5 Stlth-}
 15320 | Orc:2    | Found Hithill's General Store.
 15475 | Orc:2    | Found a staircase to the Elven Halls.
 15751 | Orc:2    | Noticed an ettin
 15764 | Orc:2    | Killed an ettin
 16054 | Orc:2    | Found Ses Ytu's Magic Scroll Shop.
 16183 | Orc:2    | Bought a scroll of teleportation for 33 gold pieces
 16183 | Orc:2    | Bought a scroll of teleportation for 33 gold pieces
 16183 | Orc:2    | Bought a scroll of identify for 22 gold pieces
 17028 | Orc:2    | Reached XP level 13. HP: 44/107 MP: 1/25
 17647 | Orc:2    | Reached skill level 10 in Alchemy
 17658 | Orc:2    | Found Qinol's Jewellery Shoppe.
 17658 | Orc:2    | Found a one-way gate leading to the halls of Pandemonium.
 17658 | Orc:2    | Found Noheant's Antique Weapon Emporium.
 17909 | Orc:2    | Learned a level 5 spell: Yara's Violent Unravelling
 18043 | Orc:1    | Found Nifif's Armour Boutique.
 18073 | Orc:1    | Found Roiqua's Antique Armour Boutique.
 18123 | Orc:1    | Found Cug Boeg's Assorted Antiques.
 18203 | Orc:1    | Reached skill level 1 in Maces & Flails
 18505 | Orc:2    | Found Poguzin's Weapon Shop.
 19012 | Lair:1   | Entered Level 1 of the Lair of Beasts
 19050 | Lair:1   | Reached skill level 1 in Hexes
 19070 | Lair:1   | You fall into a shaft and drop 1 floor!
 20546 | Lair:2   | Found a staircase to the Snake Pit.
 21554 | Lair:3   | Reached skill level 11 in Alchemy
 22262 | Lair:3   | Reached skill level 5 in Hexes
 22486 | Lair:3   | Found a staircase to the Swamp.
 23044 | Lair:4   | Reached XP level 14. HP: 70/118 MP: 1/27
 23405 | Lair:4   | Identified the +0 ring mail of Insatiable Hunger {Rampage
                  | +Blink Str+2 Int+3}
 23854 | Lair:4   | Found a staircase to the Slime Pits.
 24084 | Lair:5   | Entered Level 5 of the Lair of Beasts
 24270 | Lair:5   | Reached skill level 12 in Alchemy
 24747 | Lair:5   | Reached skill level 5 in Evocations
 26884 | D:12     | Identified the ring of Midnight {^Drain rN+ MP+9 Str+4
                  | Dex+6}
 27614 | D:12     | Found a runed translucent gate.
 27615 | D:12     | Found a runed translucent gate.
 27616 | D:12     | Found a runed translucent gate.
 27618 | D:12     | Noticed Dwarfmetheus's ghost (journeyman MDMo)
 27656 | D:12     | Killed Dwarfmetheus's ghost
 29001 | D:13     | Noticed Azrael
 29060 | D:14     | Reached XP level 15. HP: 123/124 MP: 26/28
 30210 | D:14     | Found a gate to the Vaults.
 30211 | D:14     | Noticed a storm dragon
 30224 | D:14     | Killed a storm dragon
 30429 | D:15     | Entered Level 15 of the Dungeon
 30439 | D:15     | Reached skill level 5 in Stealth
 30556 | D:15     | Found a gate leading to a gauntlet.
 30581 | Gauntlet | Entered a Gauntlet
 30581 | Gauntlet | Found a transporter.
 30581 | Gauntlet | Found a transporter.
 30611 | Gauntlet | Found a transporter.
 30614 | Gauntlet | Found a transporter.
 30614 | Gauntlet | Found a transporter.
 30616 | Gauntlet | Found a large runed translucent door.
 30617 | Gauntlet | Found a large runed translucent door.
 30618 | Gauntlet | Found a large runed translucent door.
 30618 | Gauntlet | Found a large runed translucent door.
 30618 | Gauntlet | Found a runed translucent door.
 30618 | Gauntlet | Found a runed translucent door.
 30620 | Gauntlet | Found a large runed translucent door.
 30627 | Gauntlet | Found a transporter.
 30633 | Gauntlet | Found a transporter.
 30635 | Gauntlet | Found a transporter.
 30643 | Gauntlet | Found a large runed translucent door.
 30644 | Gauntlet | Found a large runed translucent door.
 30645 | Gauntlet | Found a large runed translucent door.
 30646 | Gauntlet | Found a runed translucent gate.
 30648 | Gauntlet | Found a transporter.
 30652 | Gauntlet | Found a runed translucent gate.
 30652 | Gauntlet | Found a transporter.
 30653 | Gauntlet | Found a runed translucent gate.
 30657 | Gauntlet | Found a large runed translucent door.
 30657 | Gauntlet | Found a large runed translucent door.
 30658 | Gauntlet | Found a large runed translucent door.
 30659 | Gauntlet | Found a large runed translucent door.
 30668 | Gauntlet | Found a large runed translucent door.
 30668 | Gauntlet | Found a large runed translucent door.
 30669 | Gauntlet | Found a large runed translucent door.
 30670 | Gauntlet | Found a large runed translucent door.
 30723 | Gauntlet | Found a transporter.
 30752 | Gauntlet | Found a transporter.
 30928 | Gauntlet | Gained mutation: Armour fits poorly on your strangely
                  | shaped body. [a shining eye]
 30972 | Gauntlet | Identified the +10 trident "Naipaorgh" {flame, rC+ Str+2
                  | Int+5 Dex+3}
 31086 | Gauntlet | Acquired 614 gold pieces
 31220 | Gauntlet | Reached skill level 13 in Alchemy
 32017 | D:15     | Found a staircase to the Depths.
 32693 | D:15     | Annihilated by an enormous slime creature

Illustrated notes

Levels and vault maps discovered:
D:1:      minmay_arrival_stone_box, layout_loops_cross
D:2:      layout_loops_ring, grunt_decor_cap, nicolae_nh_oracle_at_delphi,
          uniq_natasha
D:3:      minmay_chambers_of_threes, layout_rooms,
          nicolae_qazlal_style_of_elements, minmay_misc_feat_doors
D:4:      layout_basic, amcnicky_altar_gilded, lemuel_doored_altar,
          mainiacjoe_ossuary_entry_find_the_door, bh_walls_and_bars
D:5:      layout_loops_ring
D:7:      layout_rooms, zin_purify, minivault_10
D:8:      layout_basic, mainiacjoe_overflow_chevrons,
          nicolae_elyvilon_peaceful_grove
D:9:      layout_loops_corners, hellmonk_lair_entry_icy, enter_bailey_2,
          reono_crystal_passage
D:10:     layout_basic, kennysheep_okawaru_gauntlet, ebering_ghost_inner_flame,
          small_statue_alley_a, uniq_erica, uniq_joseph, uniq_nergalle,
          uniq_maggie
D:11:     layout_stronghold, david_orc_4, fedhas_altar_3
D:12:     minmay_tri_box, layout_basic, gammafunk_ghost_nasty_kobolds,
          lemuel_flamethrower_1
D:13:     layout_rooms, ploomutoo_gammafunk_ghost_potion_laboratory,
          uniq_josephine, uniq_azrael
D:14:     layout_irregular_city, hellmonk_vaults_attempted_burglary
D:15:     hellmonk_depths_entry_around_the_bend, layout_loops_corners,
          serial_glass, glass_columns_c, glass_columns_c,
          minmay_strange_pillars, gauntlet_entry_generic,
          nicolae_hepliaklqana_ecumenical_no_more, nicolae_zig_zag_zippers
Lair:1:   layout_chaotic_city
Lair:2:   layout_loops_ring, nicolae_snake_entry_warm_welcome,
          hangedman_tree_tricks, st_stairs_12, beast_lair_carwin_3
Lair:3:   layout_long_grid, minmay_swamp_entry_worms, serial_bayou_shore_b
Lair:4:   layout_regular_city, slime_entry_1, bobbens_ice_dragon_lair
Lair:5:   minmay_lair_end_enchanted_forest, layout_cave_pods,
          serial_bayou_shore_b
Orc:1:    layout_caves, basic_altar, serial_shops, shop, nicolae_shop_stone,
          shop, nicolae_shop_drivethru, nicolae_shop_trees
Orc:2:    pf_orc_diabolical, layout_caves, serial_shops,
          nicolae_shop_tiny_statue_garden, enter_volcano_3,
          guppyfry_library_mini

Skill      XL: |  1  2  3  4  5  6  7  8  9 10 11 12 13 14 15 |
---------------+----------------------------------------------+-----
Conjurations   | 1 3 |  3.0
Stealth        | 2 3 6 |  6.0
Spellcasting   | 2 5 6 |  6.0
Alchemy        | 3 4 5 6 7 9 11 12 13 | 13.9
Fire Magic     | 1 3 4 6 7 8 |  8.0
Armour         | 3 4 9 |  9.0
Dodging        | 3 8 9 |  9.0
Fighting       | 6 8 9 |  9.0
Polearms       | 2 3 |  3.0
Evocations     | 2 3 9 |  9.0
Air Magic      | 3 |  3.0
Maces & Flails | 3 |  3.0
Hexes          | 5 9 |  9.0

Action                     |  1- 3 |  4- 6 |  7- 9 | 10-12 | 13-15 || total
---------------------------+-------+-------+-------+-------+-------++-------
  Melee: Short sword       |    27 |    41 |       |       |       ||    68
         Mace              |       |   151 |       |       |       ||   151
         Trident           |       |     1 |    89 |   185 |   365 ||   640
         Flail             |       |       |       |    53 |    53 ||   106
         Morningstar       |       |       |       |     6 |       ||     6
   Cast: Sting             |    99 |    76 |     4 |       |       ||   179
         Olgreb's Toxic Ra |       |     3 |    44 |   111 |   216 ||   374
         Sticky Flame      |       |     4 |    19 |    46 |   140 ||   209
         Mephitic Cloud    |       |       |       |    10 |     9 ||    19
         Yara's Violent Un |       |       |       |       |     6 ||     6
Ability: Evoke Blink       |       |       |       |       |     5 ||     5
    Use: Scroll            |       |     5 |    14 |     7 |    14 ||    40
         Potion            |       |     3 |     2 |     2 |     3 ||    10
   Stab: Sleeping          |       |     4 |       |       |     4 ||     8
         Confused          |       |       |       |     1 |     2 ||     3
         Distracted        |       |       |       |     1 |       ||     1
 Armour: Robe              |    29 |   184 |    37 |     5 |       ||   255
         Leather armour    |       |     2 |     2 |       |    25 ||    29
         Steam dragon scal |       |       |    37 |    66 |       ||   103
         Acid dragon scale |       |       |       |   106 |   197 ||   303
         Ring mail         |       |       |       |       |   273 ||   273
  Dodge: Dodged            |    47 |   133 |    65 |   231 |   690 ||  1166
  Block: Other             |       |       |       |    36 |       ||    36
         Reflection        |       |       |       |     5 |       ||     5

Table legend: (Time is in decaauts)
 A = Elapsed time spent in this place.
 B = Non-inter-level travel time spent in this place.
 C = Inter-level travel time spent in this place.
 D = Time resting spent in this place.
 E = Time spent auto-exploring this place.
 F = Levels seen in this place.
 G = Mean time per level.
                   A        B        C        D        E       F      G
               +--------+--------+--------+--------+--------+-----+--------+
         Total |  32996 |  32195 |    801 |   8501 |  17608 |  25 | 1319.8 |
       Dungeon |  17191 |  16689 |    502 |   3054 |  10558 |  14 | 1227.9 |
          Lair |   7515 |   7339 |    176 |   1664 |   4636 |   5 | 1503.0 |
  Orcish Mines |   4391 |   4269 |    122 |   2097 |   1306 |   2 | 2195.5 |
       Ossuary |    877 |    877 |      0 |    542 |      0 |   1 |  877.0 |
        Bailey |   1438 |   1438 |      0 |    809 |    281 |   1 | 1438.0 |
       Volcano |    695 |    695 |      0 |    134 |    406 |   1 |  695.0 |
      Gauntlet |    887 |    887 |      0 |    201 |    421 |   1 |  887.0 |
               +--------+--------+--------+--------+--------+-----+--------+

Top non-repeatable levels by time:
   Orc:2: 3365 daAuts
  Lair:5: 2290 daAuts
    D:12: 2162 daAuts
    D:11: 1578 daAuts
  Lair:2: 1493 daAuts
  Lair:4: 1479 daAuts
  Bailey: 1438 daAuts
    D:14: 1415 daAuts
     D:2: 1402 daAuts
    D:15: 1385 daAuts
     D:9: 1372 daAuts
     D:1: 1357 daAuts
  Lair:3: 1317 daAuts
     D:7: 1271 daAuts
    D:10: 1263 daAuts
